 Dungeon Crawl Stone Soup version bcrawl-1.13.2 (webtiles) character file.

Game seed: 9247764975535524600

450 Heliosone the Conjurer (level 6, -1/52 HPs)
             Began as a Djinni Reaver on Aug 10, 2019.
             Was a Believer of Vehumet.
             Slain by an orc
             ... wielding a +0 flail
              (6 damage)
             ... on level 4 of the Dungeon.
             The game lasted 00:09:44 (5479 turns).

Heliosone the Conjurer (Djinni Reaver)              Turns: 5479, Time: 00:09:45

Health: -1/52      AC:  7    Str: 13    XL:     6   Next: 74%
Magic:  7/10       EV: 13    Int: 19    God:    Vehumet [**....]
Gold:   152        SH:  0    Dex:  9    Spells: 10/11 levels left

rFire    . . .     SeeInvis .   a - +0 trident
rCold    . . .     Gourm    .   (no shield)
rNeg     . . .     Faith    .   b - +0 steam dragon scales
rPois    .         Spirit   .   (no helmet)
rElec    .         Reflect  .   q - +0 cloak
rCorr    .         Harm     .   e - +0 pair of gloves
MR       .....     Rnd*Rage +   (boots unavailable)
Stlth    +.........             (no amulet)
HPRegen  0.17/turn              (no ring)
MPRegen  0.12/turn              (no ring)

@: flying
A: never pass out, berserk 2, blink, blurry vision 2, wild magic 2, MP-powered
wands, floating
a: Blink, Renounce Religion


You were on level 4 of the Dungeon.
You worshipped Vehumet.
Vehumet was pleased with you.
You were hungry.

You visited 1 branch of the dungeon, and saw 4 of its levels.

You collected 152 gold pieces.

Inventory:

Hand Weapons
 a - a +0 trident (weapon)
Armour
 b - +0 steam dragon scales (worn)
 e - a +0 pair of gloves (worn)
 q - a +0 cloak (worn)
Jewellery
 n - a +4 amulet of reflection {unknown}
 v - a +5 ring of intelligence {unknown}
Wands
 p - a wand of flame (22)
Scrolls
 d - 3 scrolls of immolation
 h - 5 scrolls of identify {unknown}
 j - 5 scrolls of remove curse {unknown}
 k - 2 scrolls of amnesia {unknown}
 l - 3 scrolls of enchant armour {unknown}
 m - 2 scrolls of teleportation {unknown}
 r - 2 scrolls of fog {unknown}
 t - a scroll of enchant weapon {unknown}
 u - a scroll of fear {unknown}
 w - a scroll of magic mapping {unknown}
Potions
 c - a potion of haste
 g - 3 potions of curing {unknown}
 i - a potion of mutation {unknown}
 s - 2 potions of lignification {unknown}
Comestibles
 f - 8 rations {!d}


   Skills:
 - Level 3.7 Fighting
 - Level 3.0 Polearms
 - Level 1.1 Armour
 - Level 3.4 Dodging
 - Level 3.0 Spellcasting
 + Level 6.9 Conjurations


You had 10 spell levels left.
You knew the following spells:

 Your Spells              Type           Power        Failure   Level  Hunger
a - Magic Dart            Conj           ####         3%          1    None

Your spell library contained the following spells:

 Spells                   Type           Power        Failure   Level  Hunger
 Searing Ray              Conj           #####.       4%          2    ##.....
 Iskenderun's Battlesphe  Conj/Chrm      ####....     85%         5    ######.


Dungeon Overview and Level Annotations

Branches:
Dungeon (4/12)
 Temple: D:4-7

Altars:
Fedhas
Kikubaaqudgha
Makhleb
Ru

Annotations:
D:3 3 runed translucent doors, Slothtographer's ghost, amateur OnAc; drd's ghost, weakling FrWz


Innate Abilities, Weirdness & Mutations

You never pass out after going berserk.
You often lose your temper in combat.
You can translocate small distances at will.
Scrolls take you longer to read.
Your spells are harder to cast, but more powerful.
You expend magic power (3 MP) to strengthen your wands.
Your body floats in the air.


Message History

The orc priest mumbles some strange prayers to Beogh against you.
Beogh smites you!
You barely miss the orc. The orc hits you but does no damage.
You hit the orc but do no damage. The orc closely misses you.
You hit the orc but do no damage. The orc closely misses you. x2
You hit the orc but do no damage. The orc hits you but does no damage.
The orc barely misses you.
You hit the orc.
The orc is moderately wounded.
The orc closely misses you. The orc hits you with a +0 flail.
The orc priest calls down the wrath of Beogh upon you.
Beogh smites you! The orc closely misses you.
You hit the orc but do no damage.
The orc is moderately wounded.
The orc barely misses you.
The orc priest invokes the aid of Beogh against you.
Pain shoots through your body!
* * * LOW HITPOINT WARNING * * *
The orc hits you with a +0 flail.
You die...

####.##### #.# #≈≈≈≈≈≈≈ #.# #.#
#≈...... #.# #.# #≈.#≈≈≈≈ #.# #.#
#≈.≈≈≈≈≈ ##.## ####.### #≈.≈≈##≈
#...# #......# #≈.≈≈##≈
####...### #......# #≈.≈≈≈≈≈ #
#........# #.o###.# #≈.#≈≈≈≈
####....##..####@o#...####≈......
'..............o..#.....+#≈≈≈≈≈≈≈
####....##..####......###########
# #.....#..# #.##.#.# #.......
#........# #.##.#.# ##.....#
###.#.##.# #......# ##...##
#......# ####.### ##'## ###.####
#.# #(# #.# #.# #.#


You could see an orc priest and 2 orcs.

Vanquished Creatures
  A scorpion (D:2)
  A crimson imp (D:4)
  A hound (D:4)
  2 orc priests (D:4)
  An orc wizard (D:3)
  Crazy Yiuf (D:2)
  A worker ant (D:2)
  4 gnolls (D:3)
  7 adders
  An ooze (D:1)
  3 worms (D:3)
  2 leopard geckos
  11 orcs
  5 bats (D:1)
  2 giant cockroaches
  5 goblins
  5 hobgoblins
  14 jackals
  6 kobolds
  A quokka (D:3)
  7 frilled lizards
  A quokka skeleton (D:4)
  4 rats
86 creatures vanquished.

Vanquished Creatures (others)
  A withered plant (D:3)
1 creature vanquished.

Grand Total: 87 creatures vanquished

Notes
Turn   | Place    | Note
-------+----------+-------------------------------------------
     0 | D:1      | Heliosone the Djinni Reaver began the quest for the Orb.
     0 | D:1      | Reached XP level 1. HP: 19/19 MP: 4/4
   287 | D:1      | Reached XP level 2. HP: 17/26 MP: 6/6
   520 | D:1      | Reached skill level 1 in Armour
   963 | D:1      | Reached * piety under Vehumet
   963 | D:1      | Offered knowledge of Magic Dart by Vehumet.
   983 | D:1      | Learned a level 1 spell: Magic Dart
  1198 | D:1      | Reached XP level 3. HP: 31/33 MP: 7/7
  1416 | D:1      | Reached skill level 1 in Conjurations
  1649 | D:2      | Reached skill level 2 in Conjurations
  1649 | D:2      | Gained mutation: Your spells are harder to cast, but more
                  | powerful. [Djinni growth]
  1649 | D:2      | Gained mutation: You can translocate small distances at
                  | will. [Djinni growth]
  1649 | D:2      | Reached XP level 4. HP: 20/40 MP: 1/8
  1953 | D:2      | Found a burning altar of Makhleb.
  1959 | D:2      | Reached skill level 3 in Conjurations
  2485 | D:2      | Found a runed door.
  2659 | D:2      | Noticed Crazy Yiuf
  2662 | D:2      | Killed Crazy Yiuf
  2662 | D:2      | Reached skill level 4 in Conjurations
  2662 | D:2      | Reached XP level 5. HP: 46/46 MP: 5/9
  3260 | D:3      | Reached skill level 5 in Conjurations
  3330 | D:3      | Found a runed translucent gate.
  3333 | D:3      | Found a runed translucent gate.
  3335 | D:3      | Noticed Slothtographer's ghost (amateur OnAc)
  3335 | D:3      | Noticed drd's ghost (weakling FrWz)
  3336 | D:3      | Found a runed translucent gate.
  3537 | D:3      | Found a sacrificial altar of Ru.
  3602 | D:3      | Reached ** piety under Vehumet
  3602 | D:3      | Offered knowledge of Searing Ray by Vehumet.
  3755 | D:3      | Reached XP level 6. HP: 50/52 MP: 7/10
  4321 | D:4      | Found an ancient bone altar of Kikubaaqudgha.
  4322 | D:4      | Found a blossoming altar of Fedhas.
  4537 | D:4      | Reached skill level 6 in Conjurations
  4972 | D:4      | Found Pastoda's Book Emporium.
  5479 | D:4      | Slain by an orc

Skill      XL: |  1  2  3  4  5  6 |
---------------+-------------------+-----
Armour         | 1 |  1.1
Conjurations   | 2 4 5 6 |  6.9
Fighting       | |  3.7
Polearms       | |  3.0
Dodging        | |  3.4
Spellcasting   | |  3.0

Action                   |  1- 3 |  4- 6 || total
-------------------------+-------+-------++-------
Melee: Trident           |   143 |   174 ||   317
 Cast: Magic Dart        |    22 |    74 ||    96
  Eat: Chunk             |     3 |     8 ||    11
       Ration            |       |     1 ||     1
Armor: Steam dragon scal |    68 |    65 ||   133
Dodge: Dodged            |   114 |   150 ||   264
